AoeStats
← [AFTM] manimues

African Clearing

505365921Analyzed
3v3 RM · 23d ago on Sep 9, 2026· 33m 3s· 6 players
Game mode
Random Map
Map size
Normal (6 player)
Population
200
Speed
Normal
Resources
Standard
Victory
Conquest
Starting age
Dark Age
Ending age
Imperial Age
RankedLock teamsTeams togetherTeam positionsShared explorationLock speedFull tech treeHidden civsTurbo modeCheats
Victory
Defeat
🇨🇱 Jurchens · Chile
1429
+13
🇨🇱 Persians · Chile
1420
+13
🇨🇱 Saracens · Chile
1353
+16
🇨🇱 Saracens · Chile
1422
-16
1384
-15
🇨🇱 Vietnamese · Chile
1278
-11
Leonardo
9:27 Loom
12:01 Feudal Age
13:06 Double-Bit Axe
16:46 Town Watch
21:05 Forging
21:43 Scale Barding Armor
26:40 Castle Age
25:41 Gold Mining
25:33 Horse Collar
26:42 Bloodlines
27:58 Wheelbarrow
28:01 Iron Casting
29:07 Bow Saw
30:20 Padded Archer Armor
Mancodios
6:49 Loom
12:42 Feudal Age
13:12 Double-Bit Axe
16:51 Forging
22:27 Castle Age
22:01 Scale Barding Armor
26:47 Husbandry
30:46 Bow Saw
30:22 Horse Collar
Gus Dekkers
9:45 Loom
12:42 Feudal Age
18:41 Scale Barding Armor
19:34 Forging
19:49 Double-Bit Axe
22:51 Scale Mail Armor
27:54 Castle Age
28:49 Chain Barding Armor
29:04 Iron Casting
28:31 Pikeman
31:22 Husbandry
AiM | Mantequilla de Mani
10:30 Loom
13:00 Feudal Age
17:52 Forging
26:58 Castle Age
25:45 Double-Bit Axe
25:42 Horse Collar
27:15 Gold Mining
AiM | BetaWolf
10:08 Loom
12:35 Feudal Age
13:22 Double-Bit Axe
19:01 Horse Collar
25:38 Castle Age
24:35 Bloodlines
24:57 Scale Barding Armor
25:26 Forging
29:07 Bow Saw
28:58 Heavy Plow
32:56 Chain Barding Armor
[AFTM] manimues
11:44 Loom
13:39 Feudal Age
15:01 Double-Bit Axe
17:15 Wheelbarrow
22:54 Castle Age
21:20 Horse Collar
26:17 Thumb Ring
26:17 Crossbowman
30:41 Fletching
31:59 Bodkin Arrow
33:17 Padded Archer Armor
Connection lost

Rejoining the realm…

Still unreachable

The connection could not be restored.

Session expired

The server has moved on; the page needs a fresh start.